 Dungeon Crawl Stone Soup version 0.32-a0-685-g93135e86f0 (webtiles) character file.

Game seed: 9591806570211943643

664804 Dittersdorf the Gargoyle Barricade (level 27, -5/179 HPs)
             Began as a Gargoyle Fighter on Mar 8, 2024.
             Was an Initiate of Gozag.
             Slain by Tiamat
             ... wielding a +4 glaive of distortion
              (14 damage)
             ... on level 4 of the Realm of Zot on Mar 12, 2024.
             The game lasted 02:09:40 (69341 turns).

Dittersdorf the Gargoyle Barricade (GrFi)          Turns: 69341, Time: 02:09:41

Health: -5/179     AC: 67    Str: 27    XL:     27
Magic:  16/18      EV:  0    Int: 11    God:    Gozag
Gold:   11687      SH: 30    Dex:  2    Spells: 23/26 levels left

rFire   + . .        J - +9 eveningstar (protect)
rCold   + + +        u - +4 tower shield {rF+}
rNeg    + + +        i - +5 chain mail of Sasseb {Regen+ rCorr Str+2}
rPois   ∞            G - +2 helmet "Hydenor" {rC+ rN+ rCorr}
rElec   +            N - +2 cloak "Diluel" {Fly rN+ Dex-3}
rCorr   +            y - +1 pair of gloves
SInv    +            f - +1 pair of boots of Panentheism {Regen+ Stlth+}
Will    +++..        s - amulet of Yter {Reflect Regen+ SH+5} Stlth
                     z - ring "Gagraofe" {AC+4 SInv}
HPRegen 0.00/turn    B - ring "Inul" {rC+ rN+ Will+ Str-3}
MPRegen 0.16/turn

%: reflection
@: corroded, gold aura, under a protective aura, flying, inhibited regen,
constricted, studying 3 skills, unable to read
A: sickness immunity, AC +20, big wings, negative energy resistance 1,
electricity resistance, torment resistance 1, petrification resistance, cold
resistance 1, mutation resistance 1, clumsy 1[+1], [deterioration 1], [frail 1],
[low MP 2], [inhibited regeneration], [teleportitis 1], [weak 2], [inability to
read after injury 2]
}: 5/15 runes: serpentine, barnacled, slimy, silver, abyssal
a: Renounce Religion, Potion Petition, Call Merchant, Bribe Branch


You were on level 4 of the Realm of Zot.
You worshipped Gozag.
Gozag was extremely pleased with you.
You visited 13 branches of the dungeon, and saw 56 of its levels.
You visited the Abyss 3 times.
You visited 1 bazaar.
You also visited: Sewer, Ice Cave, Volcano and Desolation.

You collected 30834 gold pieces.
You spent 5889 gold pieces at shops.
You paid 13258 gold pieces to Gozag.

Inventory:

Hand Weapons
 J - a +9 eveningstar of protection (weapon)
Missiles
 c - 13 throwing nets
Armour
 f - the +1 pair of boots of Panentheism (worn) {Regen+ Stlth+}
   (You found it on level 6 of the Dungeon)

   Regen+:    It increases your rate of health regeneration.
   Stlth+:    It makes you more stealthy.
 i - the +5 chain mail of Sasseb (worn) {Regen+ rCorr Str+2}
   (You bought it in a shop on level 1 of the Dungeon)

   Str+2:     It affects your strength (+2).
   Regen+:    It increases your rate of health regeneration.
   rCorr:     It protects you from acid and corrosion.
 u - a +4 tower shield of fire resistance (worn)
 y - a +1 pair of gloves (worn)
 G - the +2 helmet "Hydenor" (worn) {rC+ rN+ rCorr}
   (You found it on level 2 of the Crypt)

   rC+:       It protects you from cold.
   rN+:       It protects you from negative energy.
   rCorr:     It protects you from acid and corrosion.
 N - the +2 cloak "Diluel" (worn) {Fly rN+ Dex-3}
   (You acquired it on level 3 of the Crypt)

   Dex-3:     It affects your dexterity (-3).
   rN+:       It protects you from negative energy.
   Fly:       It grants you flight.
Magical Staves
 q - a staff of earth
Jewellery
 s - the amulet of Yter (around neck) {Reflect Regen+ SH+5}
   (You found it in the Desolation of Salt)

   [amulet of reflection]

   Reflect:   It reflects blocked missile attacks.
   Regen+:    It increases your rate of health regeneration.
   SH+5:      It affects your SH (+5).
 x - a ring of fire
 z - the ring "Gagraofe" (left hand) {AC+4 SInv}
   (You bought it in a shop on level 12 of the Dungeon)

   [ring of protection]

   AC+4:      It affects your AC (+4).
   SInv:      It lets you see invisible.
 B - the ring "Inul" (right hand) {rC+ rN+ Will+ Str-3}
   (You found it in the Desolation of Salt)

   [ring of willpower]

   Str-3:     It affects your strength (-3).
   rC+:       It protects you from cold.
   rN+:       It protects you from negative energy.
   Will+:     It increases your willpower.
 D - the ring "Romaij" {rPois rCorr Int-3 Dex+7 Slay+4}
   (You found it in the Desolation of Salt)

   [ring of slaying]

   Int-3:     It affects your intelligence (-3).
   Dex+7:     It affects your dexterity (+7).
   Slay+4:    It affects your accuracy & damage with ranged weapons and melee
   (+4).
   rPois:     It protects you from poison.
   rCorr:     It protects you from acid and corrosion.
 I - the ring of Zostria {rElec rF+ Will+}
   (You found it in the Desolation of Salt)

   [ring of protection from fire]

   rF+:       It protects you from fire.
   rElec:     It insulates you from electricity.
   Will+:     It increases your willpower.
 K - a ring of ice
Wands
 p - a wand of digging (15)
 F - a wand of acid (32) (quivered)
Scrolls
 b - 14 scrolls of teleportation
 h - 4 scrolls of enchant weapon
 j - 9 scrolls of fear
 k - a scroll of torment
 l - 2 scrolls of brand weapon
 m - 9 scrolls of revelation
 o - 3 scrolls of fog
 E - a scroll of silence
 H - 4 scrolls of enchant armour
 L - 6 scrolls of blinking
 O - a scroll of acquirement
Potions
 a - 2 potions of mutation
 d - 3 potions of might
 e - 9 potions of resistance
 g - 4 potions of magic
 r - 5 potions of haste
 t - a potion of invisibility
 v - 13 potions of enlightenment
 w - 2 potions of heal wounds
 A - 8 potions of brilliance
 C - 4 potions of berserk rage
 M - a potion of ambrosia
 Q - 6 potions of curing
Miscellaneous
 n - the horn of Geryon
 R - a phantom mirror


   Skills:
 O Level 27 Fighting
 + Level 26.2 Maces & Flails
 O Level 27 Armour
 O Level 27 Shields


You had 23 spell levels left.
You knew the following spells:

 Your Spells              Type           Power      Damage    Failure   Level
a - Passwall              Erth           0%         N/A       90%         3

Your spell library contained the following spells:

 Spells                   Type           Power      Damage    Failure   Level
 Apportation              Tloc           0%         N/A       56%         1
 Foxfire                  Conj/Fire      0%         2x1d4     56%         1
 Magic Dart               Conj           0%         1d3       56%         1
 Sandblast                Erth           0%         2d4       56%         1
 Sting                    Conj/Alch      0%         1d3       56%         1
 Blink                    Tloc           0%         N/A       71%         2
 Call Imp                 Summ           0%         N/A       71%         2
 Ensorcelled Hibernation  Hex/Ice        0%         N/A       71%         2
 Lesser Beckoning         Tloc           0%         N/A       71%         2
 Mercury Vapours          Alch/Air       0%         N/A       71%         2
 Momentum Strike          Conj/Tloc      0%         3d8       71%         2
 Static Discharge         Conj/Air       0%         3-3/arc   71%         2
 Call Canine Familiar     Summ           0%         N/A       90%         3
 Dazzling Flash           Conj/Hex       0%         N/A       90%         3
 Fugue of the Fallen      Necr           0%         N/A       90%         3
 Gell's Gravitas          Tloc           0%         N/A       90%         3
 Mephitic Cloud           Conj/Alch/Air  0%         N/A       90%         3
 Sigil of Binding         Hex            0%         N/A       90%         3
 Stone Arrow              Conj/Erth      0%         3d7       90%         3
 Summon Ice Beast         Ice/Summ       0%         N/A       90%         3
 Teleport Other           Tloc           0%         N/A       90%         3
 Tukima's Dance           Hex            0%         N/A       90%         3
 Volatile Blastmotes      Fire/Tloc      0%         2d10      90%         3
 Anguish                  Hex/Necr       0%         N/A       100%        4
 Animate Armour           Summ/Erth      0%         N/A       100%        4
 Brom's Barrelling Bould  Conj/Erth      0%         2d3       100%        4
 Cause Fear               Hex            0%         N/A       100%        4
 Dimensional Bullseye     Hex/Tloc       0%         N/A       100%        4
 Dispel Undead            Necr           0%         3d6       100%        4
 Flame Wave               Conj/Fire      0%         2d4       100%        4
 Fulminant Prism          Conj/Alch      0%         3d5       100%        4
 Iskenderun's Mystic Bla  Conj/Tloc      0%         2d3       100%        4
 Leda's Liquefaction      Alch/Erth      0%         N/A       100%        4
 Martyr's Knell           Necr/Summ      0%         N/A       100%        4
 Olgreb's Toxic Radiance  Alch           0%         N/A       100%        4
 Passage of Golubria      Tloc           0%         N/A       100%        4
 Petrify                  Alch/Erth      0%         N/A       100%        4
 Summon Blazeheart Golem  Fire/Summ      0%         N/A       100%        4
 Summon Lightning Spire   Summ/Air       0%         N/A       100%        4
 Alistair's Intoxication  Alch           0%         N/A       100%        5
 Borgnjor's Vile Clutch   Necr/Erth      0%         N/A       100%        5
 Curse of Agony           Necr           0%         N/A       100%        5
 Fireball                 Conj/Fire      0%         3d3       100%        5
 Irradiate                Conj/Alch      0%         3d11      100%        5
 Iskenderun's Battlesphe  Conj           0%         2d6       100%        5
 Lee's Rapid Deconstruct  Erth           0%         3d4*      100%        5
 Metabolic Englaciation   Hex/Ice        0%         N/A       100%        5
 Silence                  Hex/Air        0%         N/A       100%        5
 Summon Forest            Summ/Tloc      0%         N/A       100%        5
 Summon Mana Viper        Hex/Summ       0%         N/A       100%        5
 Bombard                  Conj/Erth      0%         9d1       100%        6
 Conjure Ball Lightning   Conj/Air       0%         3x3d6     100%        6
 Death Channel            Necr           0%         N/A       100%        6
 Dispersal                Tloc           0%         N/A       100%        6
 Eringya's Noxious Bog    Alch           0%         4d6       100%        6
 Plasma Beam              Fire/Air       0%         2x1d10    100%        6
 Starburst                Conj/Fire      0%         6d3       100%        6
 Enfeeble                 Hex            0%         N/A       100%        7
 Haunt                    Necr/Summ      0%         N/A       100%        7
 Malign Gateway           Summ/Tloc      0%         N/A       100%        7
 Monstrous Menagerie      Summ           0%         N/A       100%        7
 Orb of Destruction       Conj           0%         9d5       100%        7
 Ozocubu's Refrigeration  Ice            0%         4d7       100%        7
 Spellforged Servitor     Conj/Summ      0%         N/A       100%        7
 Summon Hydra             Summ           0%         N/A       100%        7
 Discord                  Hex            0%         N/A       100%        8
 Infestation              Necr           0%         N/A       100%        8
 Lehudib's Crystal Spear  Conj/Erth      0%         10d2      100%        8
 Maxwell's Capacitive Co  Air            0%         ∞         100%        8
 Chain Lightning          Conj/Air       0%         N/A       100%        9
 Fire Storm               Conj/Fire      0%         5d1       100%        9
 Shatter                  Erth           0%         3d5*      100%        9
 Cigotuvi's Dreadful Rot  Necr/Alch/Air  Unusable   N/A       N/A         2
 Sublimation of Blood     Necr           Unusable   N/A       N/A         2
 Animate Dead             Necr           Unusable   N/A       N/A         4

Dungeon Overview and Level Annotations

Branches:
Dungeon (15/15)            Temple (1/1) D:7            Lair (5/5) D:10
 Shoals (4/4) Lair:3        Snake (4/4) Lair:3        Slime (5/5) Lair:5
    Orc (2/2) D:9             Elf (3/3) Orc:2        Vaults (5/5) D:14
  Crypt (3/3) Vaults:2       Tomb (0/3) Crypt:3      Depths (4/4) D:15
   Hell (visited)             Dis (0/7) Hell            Geh (0/7) Hell
    Coc (0/7) Hell            Tar (0/7) Hell            Zot (4/5) Depths:4
  Sewer (visited)           IceCv (visited)         Volcano (visited)
Desolation (visited)

Altars:
Ashenzari
Cheibriados
Dithmenos
Elyvilon
Fedhas
Gozag
Hepliaklqana
Kikubaaqudgha
Makhleb
Nemelex Xobeh
Okawaru
Qazlal
Ru
Sif Muna
Trog
Uskayaw
Vehumet
Wu Jian
Xom
Yredelemnul
Zin
The Shining One
Jiyva

Shops:
D:1 **?**:??!!*   D:6 (   D:9 ((   D:12 *   D:14 *   Orc:1 =   Orc:2 !(?=?!?
Elf:3 :=[   Shoals:1 (   Shoals:2 ?   Shoals:3 [*   Shoals:4 (**(:
Snake:2 **[*   Snake:4 (**   Vaults:5 =*=!??!!

Portals:
Hell: Depths:1 Depths:2 Depths:3 Depths:4
Abyss: Depths:3
Pandemonium: Orc:2 Depths:2
Ziggurat: Depths:3
Trove: D:15 (give 2 scrolls of acquirement)

Annotations:
Zot:4 Tiamat


Innate Abilities, Weirdness & Mutations

You are immune to sickness and miasma.
Your stone body is resilient. (AC +20)
You are immune to poison.
Your large and strong wings let you fly.
You resist negative energy. (rN+)
You are resistant to electric shocks. (rElec)
You are resistant to unholy torment.
You are immune to petrification.
Your flesh is cold resistant. (rC+)
You are somewhat resistant to further mutation.
[You are very clumsy. (Dex -4)]
[Your body sometimes deteriorates upon taking damage.]
[You are frail. (-10% HP)]
[Your magical capacity is very low. (-20% MP)]
[You do not regenerate when monsters are visible.]
[You are occasionally teleported next to monsters.]
[You are very weak. (Str -4)]
[You sometimes lose the ability to read scrolls when taking damage.]


Message History

You block the tentacled monstrosity's attack.
The tentacled monstrosity constricts you.
* * * LOW HITPOINT WARNING * * *
The white draconian hits you but does no damage.
The yellow draconian is distracted by your dazzling golden aura.
The storm dragon bites you!
* * * LOW HITPOINT WARNING * * *
The storm dragon claws you but does no damage.
The storm dragon tramples you but does no damage.
You feel the corruption within you wane somewhat.
You feel robust.
Your body's shape seems more normal.
You feel robust.
You feel more energetic.
You hit the red draconian scorcher.
The red draconian scorcher is lightly wounded.
The yellow draconian spits acid at you.
You block the splash of acid... and reflect it back!
The splash of acid hits the yellow draconian.
The storm dragon bites you but does no damage.
You block the storm dragon's attack. x2
The white draconian breathes frost at you.
The blast of cold hits you but does no damage.
The red draconian scorcher hits you but does no damage.
The white draconian hits you but does no damage.
You block the tentacled monstrosity's attack.
The tentacled monstrosity tentacle-slaps you but does no damage. x2
The tentacled monstrosity constricts you!
* * * LOW HITPOINT WARNING * * *
You puncture the red draconian scorcher!
The red draconian scorcher is moderately wounded.
Tiamat is no longer distracted by gold.
You block the storm dragon's attack. x4
The storm dragon claws you but does no damage.
The storm dragon tramples you but does no damage.
The yellow draconian hits you but does no damage.
You sock the red draconian scorcher!
The red draconian scorcher is moderately wounded.
Tiamat hits you from afar with a +4 glaive of distortion!
* * * LOW HITPOINT WARNING * * *
Space warps horribly around you!
You die...
Your body crumbles into a pile of gold.

..............##
..........#....##
##.....######..##
####....## ##..##
###q..#####..##
#....q..d...#
##....d###.#$##
#....dDD#####.##
#...hdd@##..#..#
##...ddXqd§.##.#
##.....dd.d...#d##
......(.[.§q...#.d#
...#.........###.§#
.###.........#
#d.##
##.q.q.)..###..d#
#=.........##...#
#...........##d..#


You could see Tiamat, a tentacled monstrosity, a black draconian knight, 2 storm
dragons, 3 draconians, 2 draconians, 2 draconians, 2 draconians, 2 draconians, 2
draconians, a red draconian scorcher and a raiju.

Vanquished Creatures
  the Royal Jelly (Slime:5)
  2 dread liches
  4 ancient liches
  3 juggernauts (Depths:4)
  Sojobo (Depths:2)
  4 Killer Klowns (Zot:3)
  2 curse toes (Zot:2)
  Geryon (Hell)
  3 golden dragons
  The ghost of cjoo the Torchbearer, a veteran VSFi of Yredelemnul (Zot:3)
  Nikola (Vaults:3)
  4 bone dragons
  2 hellephants
  2 electric golems (Zot:3)
  The ghost of n1000 the Marksgoblin, an adept CoNe of Kikubaaqudgha (Vaults:1)
  14 tentacled monstrosities
  2 walking crystal tomes
  13 liches
  A walking earthen tome (Abyss:7)
  3 deep elf blademasters
  Asterion (Depths:2)
  4 titans
  12 quicksilver dragons
  A walking divine tome (Depths:4)
  2 krakens (Shoals:2)
  5 sphinxes
  24 acid blobs
  An Executioner (Abyss:6)
  8 ancient champions
  7 tentacled starspawn
  7 death cobs
  Frances (Snake:1)
  7 shadow dragons
  4 draconian monks
  12 storm dragons
  10 tengu reavers
  6 fire giants
  Aizul (Snake:4)
  3 revenants
  15 nagarajas
  13 rockslimes
  13 azure jellies
  3 draconian shifters
  5 protean progenitors
  3 deep elf sorcerers
  4 imperial myrmidons (Desolation)
  9 draconian knights
  5 draconian scorchers
  An angel (Abyss:6)
  2 balrugs (Depths:1)
  7 frost giants
  18 vault wardens
  4 iron dragons
  8 deep elf elementalists
  A cacodemon (Abyss:6)
  4 draconian stormcallers
  27 ironbound preservers
  5 draconian annihilators
  7 reapers
  11 quicksilver oozes
  6 ironbound thunderhulks
  3 orc warlords
  18 very ugly things
  A juggernaut skeleton (Crypt:1)
  3 spriggan defenders
  12 stone giants
  2 formless jellyfish
  10 vampire knights
  An ophan (Abyss:4)
  7 deep elf death magi
  The ghost of ShinQuickMan the Bewitcher, a journeyman DECj of Gozag (Elf:1)
  4 war gargoyles
  5 green draconians
  6 black draconians
  2 bunyips
  8 white draconians
  5 deep elf demonologists
  2 halazid warlocks (Desolation)
  22 purple draconians
  4 red draconians
  8 deep elf annihilators
  25 dire elephants
  8 yellow draconians
  2 spark wasps
  9 ettins
  11 eidola
  Snorg (Orc:2)
  2 crystal guardians (Desolation)
  5 jiangshi
  5 merfolk javelineers
  6 merfolk impalers
  A green death (Depths:4)
  Josephine (D:14)
  2 entropy weavers
  8 fire dragons
  A spriggan zombie (Hell)
  2 blizzard demons (Depths:4)
  5 ragged hierophants
  7 deep elf high priests
  29 vault guards
  10 great orbs of eyes
  A salamander tyrant (Snake:4)
  11 yaktaur captains
  5 servants of whispers (Desolation)
  9 ice dragons
  2 quicksilver dragon skeletons
  3 rakshasas
  Harold (D:9)
  12 hydras
  2 radroaches (Zot:2)
  3 spriggan skeletons
  7 ironbound frosthearts
  2 catoblepae
  5 death knights
  8 anacondas
  9 centaur warriors
  6 merfolk avatars
  10 peacekeepers
  7 merfolk aquamancers
  9 boulder beetles
  2 demonspawn (Orc:2)
  An ogre mage (D:15)
  An Orb Guardian skeleton (Crypt:1)
  7 deep troll shamans
  7 spriggan air magi
  25 dancing weapons
  16 hell hogs
  An alligator snapping turtle (Shoals:3)
  9 tengu warriors
  5 satyrs (Shoals:4)
  6 two-headed ogres
  6 vampire magi
  A demonic crawler (Depths:4)
  5 shock serpents
  2 titan zombies
  5 deep troll earth magi
  8 spriggan berserkers
  4 occultists
  8 sun demons
  14 naga warriors
  9 orc high priests
  2 titan skeletons
  13 naga sharpshooters
  Nergalle (D:10)
  13 hell knights
  3 wretched stars
  12 deep elf knights
  2 shadow wraiths
  14 thrashing horrors
  6 soul eaters
  A fire crab (shapeshifter) (D:15)
  A fire crab (Lair:5)
  A skyshark (shapeshifter) (D:15)
  4 skysharks
  4 spriggans
  A sixfirhy (Orc:2)
  59 skeletal warriors
  Amaemon (D:8)
  6 glowing orange brains
  57 deep trolls
  11 sea snakes
  8 iron trolls
  A quicksilver dragon simulacrum (Crypt:1)
  An orange crystal statue (IceCv)
  20 ironbound convokers
  7 flayed ghosts
  6 arcanists
  An obsidian statue (IceCv)
  12 lindwurms
  7 mana vipers
  12 phantasmal warriors
  4 naga ritualists
  12 orc knights
  A lindwurm (shapeshifter) (Vaults:5)
  18 harpies
  14 large abominations
  An anaconda skeleton (Crypt:3)
  10 necromancers
  4 thermic dynamos
  9 deep elf archers
  A sea snake (shapeshifter) (Depths:1)
  An iron giant skeleton (Crypt:3)
  22 deep elf zephyrmancers
  An iron dragon zombie (Abyss:4)
  26 deep elf pyromancers
  A wolf spider (D:14)
  7 orc sorcerers
  A stone giant zombie (Vaults:1)
  A draconian (Abyss:6)
  3 salamanders
  Maurice (D:8)
  18 manticores
  5 fauns (Shoals:4)
  13 shining eyes
  34 ugly things
  2 alligator skeletons
  6 cyclopes
  A black mamba (shapeshifter) (D:15)
  2 fauns (shapeshifter)
  13 moths of wrath
  11 naga magi
  36 black mambas
  7 water nymphs
  A stone giant skeleton (Vaults:4)
  2 molten gargoyles (Lair:5)
  4 torpor snails
  10 merfolk sirens
  An orange demon (D:8)
  8 rust devils
  2 gargoyles
  16 vault sentinels
  8 guardian serpents
  3 unseen horrors
  3 eyes of devastation
  5 smoke demons
  9 elephants
  8 cane toads
  A white draconian zombie (Crypt:2)
  A centaur skeleton (Crypt:3)
  A tormentor (Abyss:2)
  A dire elephant skeleton (Crypt:3)
  Jeremiah (D:6)
  2 rime drakes (Lair:2)
  24 yaktaurs
  Maggie (D:10)
  15 komodo dragons
  4 ancient zymes
  13 tengu conjurers
  17 freezing wraiths
  An unseen horror skeleton (Crypt:1)
  A pale draconian skeleton (Crypt:1)
  2 guardian mummies (D:15)
  6 red devils
  Psyche (D:10)
  2 anaconda simulacra (IceCv)
  7 ice devils
  A sea snake skeleton (Crypt:2)
  24 merfolk
  A hellwing (Abyss:2)
  9 hornets
  7 trolls
  An alligator simulacrum (IceCv)
  The ghost of porpoise the Shooter, an amateur HuHu (D:4)
  7 wind drakes
  A tarantella zombie (Crypt:3)
  Grinder (D:3)
  A wind drake (shapeshifter) (Depths:2)
  34 blink frogs
  6 harpy skeletons
  50 saltlings
  4 glass eyes
  A guardian serpent zombie (Crypt:3)
  5 dream sheep
  A dream sheep (shapeshifter) (Abyss:6)
  A blink frog (shapeshifter) (D:14)
  A hydra skeleton (Crypt:2)
  A stone giant simulacrum (Vaults:4)
  6 raiju
  95 slime creatures
  7 snapping turtles
  A jumping spider (Vaults:1)
  2 ettin skeletons
  2 air elementals (Elf:1)
  A slime creature (shapeshifter) (Vaults:5)
  A shadow (D:11)
  A dire elephant simulacrum (IceCv)
  A naga simulacrum (Hell)
  33 yaks
  11 wraiths
  A yak (shapeshifter) (D:15)
  A vampire (D:12)
  7 wyverns
  3 fire elementals
  A black mamba skeleton (Crypt:1)
  11 water elementals
  4 golden eyes (Slime:2)
  5 redbacks
  3 steam dragons
  7 basilisks
  A neqoxec (Abyss:6)
  A spatial vortex (Abyss:6)
  Edmund (D:5)
  A fire bat zombie (Crypt:2)
  4 minotaur simulacra (IceCv)
  9 vampire mosquitoes
  A water nymph zombie (Crypt:3)
  29 nagas
  A swamp worm (shapeshifter) (Vaults:5)
  A glowing shapeshifter zombie (Vaults:4)
  3 chaos spawn
  3 acid dragons
  A water moccasin (shapeshifter) (D:15)
  A hydra simulacrum (IceCv)
  An entropy weaver zombie (Vaults:1)
  6 water moccasins
  11 hell hounds
  3 black bears
  A naga skeleton (Crypt:3)
  A deep troll skeleton (Crypt:2)
  An ettin simulacrum (IceCv)
  2 ice beasts
  29 orc warriors
  3 sky beasts
  An orc zombie (Vaults:1)
  9 ogres
  32 laughing skulls
  A blink frog zombie (Crypt:2)
  4 wolves (Lair:3)
  A human skeleton (Vaults:4)
  A snapping turtle skeleton (Crypt:2)
  A lindwurm skeleton (Crypt:1)
  8 centaurs
  2 kobold brigands
  2 phantoms (D:5)
  A weeping skull (D:13)
  A brain worm (Sewer)
  18 bullfrogs
  A gnoll sergeant (D:12)
  2 earth elementals
  A small abomination (Abyss:2)
  5 scorpions
  A wyvern zombie (Crypt:1)
  4 deep troll simulacra (IceCv)
  6 killer bees (D:11)
  3 electric eels
  5 howler monkeys
  3 bombardier beetles
  8 jellies
  5 lava snakes (Lair:5)
  28 orc priests
  3 gnoll boudas
  3 hounds
  40 starcursed masses
  2 iguanas
  10 orc wizards
  A hell rat (Lair:2)
  An ice beast zombie (Crypt:3)
  19 gnolls
  3 adders
  A river rat (Sewer)
  2 white imps (D:5)
  2 ufetubi (D:6)
  A jelly zombie (Crypt:3)
  5 ribbon worms
  5 dart slugs
  61 orcs
  8 bats
  A bat zombie (Crypt:1)
  4 endoplasms
  8 giant cockroaches
  10 goblins
  8 hobgoblins
  12 jackals
  4 quokkas
  10 ball pythons
  2 frilled lizards
  A gnoll skeleton (Crypt:1)
  14 kobolds
  6 rats
  A river rat skeleton (Crypt:1)
  A spectral orc (D:13)
  An aspiring flesh (Zot:3)
  A lurking horror (Abyss:6)
  3 starspawn tentacles
  4 tentacles (Shoals:2)
2513 creatures vanquished.

Vanquished Creatures (others)
  A fire giant (Depths:2)
  A reaper (Hell)
  A merfolk impaler (Shoals:4)
  A deep troll earth mage (Depths:2)
  A glowing orange brain (Abyss:6)
  A large abomination (Abyss:6)
  A rust devil (Hell)
  A merfolk (Shoals:4)
  2 saltlings (Desolation)
  A raiju (Abyss:6)
  A neqoxec (Abyss:6)
  A hydra simulacrum (Hell)
  A centaur (shapeshifter) (Vaults:5)
  2 orc priests (Orc:2)
  2 creeping infernos (Hell)
  2 fire vortices (Hell)
  2 lurking horrors
  24 starspawn tentacles
  14 tentacles (Shoals:2)
60 creatures vanquished.

Grand Total: 2573 creatures vanquished

Notes
Turn   | Place    | Note
-------+----------+-------------------------------------------
     0 | D:1      | Dittersdorf the Gargoyle Fighter began the quest for the
                  | Orb.
     0 | D:1      | Reached XP level 1. HP: 14/14 MP: 1/1
   135 | D:1      | Reached XP level 2. HP: 19/19 MP: 2/2
   251 | D:1      | Reached XP level 3. HP: 13/23 MP: 3/3
   650 | D:1      | Found Omnedoca's Assorted Antiques.
   805 | D:2      | Found a hazy altar of Hepliaklqana.
  1378 | D:3      | Reached XP level 4. HP: 26/29 MP: 4/4
  1499 | D:3      | Learned a level 3 spell: Passwall
  1587 | D:3      | Noticed Grinder
  1588 | D:3      | Paralysed by Grinder for 2 turns
  1593 | D:3      | Paralysed by Grinder for 2 turns
  1605 | D:3      | Paralysed by Grinder for 3 turns
  1609 | D:3      | Paralysed by Grinder for 3 turns
  1614 | D:3      | Killed Grinder
  1615 | D:3      | Reached XP level 5. HP: 24/34 MP: 5/5
  1615 | D:3      | Reached XP level 6. HP: 27/39 MP: 6/6
  2304 | D:4      | Found a runed translucent door.
  2305 | D:4      | Noticed porpoise's ghost (amateur HuHu)
  2534 | D:4      | Reached skill level 5 in Fighting
  2940 | D:5      | Entered Level 5 of the Dungeon
  2974 | D:5      | Reached skill level 5 in Armour
  2974 | D:5      | Reached skill level 5 in Shields
  2974 | D:5      | Reached XP level 7. HP: 44/44 MP: 7/7
  3032 | D:5      | Found a glowing drain.
  3055 | Sewer    | Entered a sewer
  3687 | D:5      | Found a basalt altar of Yredelemnul.
  3693 | D:5      | Identified the +0 robe of Intuition {Int+3 Dex+5}
  4076 | D:5      | Reached XP level 8. HP: 51/51 MP: 8/8
  4160 | D:5      | Reached skill level 5 in Maces & Flails
  4252 | D:6      | Found Wuppuk's Weapon Shoppe.
  4435 | D:6      | Identified the +1 pair of boots of Panentheism {Regen+
                  | Stlth+}
  4599 | D:1      | Bought a masterwork chain mail for 256 gold pieces
  4599 | D:1      | Identified the +5 chain mail of Sasseb {Regen+ rCorr Str+2}
                  | (You bought it in a shop on level 1 of the Dungeon)
  4757 | D:6      | Noticed Edmund
  4768 | D:5      | Killed Edmund
  4844 | D:5      | Reached XP level 9. HP: 57/57 MP: 9/9
  5039 | D:6      | Noticed Jeremiah
  5176 | D:6      | Killed Jeremiah
  5346 | D:6      | Found an ornate altar of the Wu Jian Council.
  5640 | D:7      | Found a staircase to the Ecumenical Temple.
  5647 | Temple   | Entered the Ecumenical Temple
  5763 | D:7      | Reached XP level 10. HP: 64/64 MP: 10/10
  6141 | D:8      | Found the +8 frozen axe "Frostbite" {freeze, freezing
                  | cloud, *Noise Fly rC+}
  6392 | D:8      | Noticed Maurice
  6399 | D:8      | Maurice stole a staff of earth
  6401 | D:8      | Maurice stole 121 gold
  6416 | D:8      | Killed Maurice
  6496 | D:8      | Noticed a centaur warrior
  6497 | D:8      | Noticed a boulder beetle
  6498 | D:8      | Noticed a cyclops
  6501 | D:8      | Noticed a green ugly thing
  6503 | D:8      | Noticed a deep elf pyromancer
  6757 | Temple   | Became a worshipper of Gozag Ym Sagoz the Greedy
  6891 | D:4      | Killed porpoise's ghost
  7010 | D:9      | Noticed Amaemon
  7017 | D:9      | Noticed an orange demon
  7034 | D:8      | Killed Amaemon
  7044 | D:8      | Killed an orange demon
  7104 | D:9      | Found Izizeh's Armour Emporium.
  7104 | D:9      | Found a staircase to the Orcish Mines.
  7104 | D:9      | Found Qialedutit's Weapon Emporium.
  7188 | D:9      | Noticed Harold
  7200 | D:9      | Killed Harold
  7224 | D:9      | Reached XP level 11. HP: 72/72 MP: 11/11
  7396 | D:9      | Found Aduorrae's Hydra Hut.
  7399 | D:9      | Noticed an eight-headed hydra
  7627 | D:9      | Found a bloodstained altar of Trog.
  7762 | D:9      | Reached skill level 10 in Fighting
  7762 | D:9      | Reached skill level 10 in Armour
  7957 | D:10     | Entered Level 10 of the Dungeon
  8033 | D:10     | Reached skill level 10 in Shields
  8162 | D:10     | Found a staircase to the Lair.
  8193 | D:10     | Found a stormy altar of Qazlal.
  8499 | D:10     | Noticed Maggie
  8518 | D:10     | Killed Maggie
  8556 | D:10     | Noticed Psyche
  8559 | D:10     | Killed Psyche
  8561 | D:10     | Noticed Nergalle
  8578 | D:10     | Killed Nergalle
  9073 | Lair:1   | Entered Level 1 of the Lair of Beasts
  9097 | Lair:1   | Found a dark tunnel.
  9108 | Volcano  | Entered a volcano
  9126 | Volcano  | Noticed a red ugly thing
  9141 | Volcano  | Killed a red ugly thing
  9190 | Volcano  | Noticed a red ugly thing
  9210 | Volcano  | Killed a red ugly thing
  9293 | Volcano  | Noticed an orc sorcerer
  9306 | Volcano  | Killed an orc sorcerer
  9463 | Lair:1   | Reached XP level 12. HP: 79/79 MP: 12/12
  9488 | Lair:1   | Reached skill level 10 in Maces & Flails
 10260 | Lair:2   | Noticed a boulder beetle
 10273 | Lair:2   | Noticed a catoblepas
 10300 | Lair:2   | Killed a catoblepas
 10366 | Lair:2   | Killed a boulder beetle
 10438 | Lair:2   | Noticed a five-headed hydra
 10450 | Lair:2   | Killed a five-headed hydra
 10451 | Lair:2   | Reached XP level 13. HP: 68/86 MP: 13/13
 11381 | Lair:3   | Found a staircase to the Shoals.
 11796 | Lair:3   | Found a staircase to the Snake Pit.
 12482 | Lair:4   | Gained mutation: Your large and strong wings let you fly.
                  | [Gargoyle growth]
 12482 | Lair:4   | Reached XP level 14. HP: 93/94 MP: 14/14
 12808 | Lair:4   | Found a bloodstained altar of Trog.
 13029 | Lair:5   | Entered Level 5 of the Lair of Beasts
 13373 | Lair:5   | Found a staircase to the Slime Pits.
 13393 | Lair:5   | Found a viscous altar of Jiyva.
 13647 | Lair:5   | Found a large runed translucent door.
 13648 | Lair:5   | Found a large runed translucent door.
 15215 | D:12     | Found Equmylod's Assorted Antiques.
 15603 | D:12     | Bought a steaming jade ring for 175 gold pieces
 15603 | D:12     | Identified the ring "Gagraofe" {AC+4 SInv} (You bought it
                  | in a shop on level 12 of the Dungeon)
 16039 | D:13     | Found a basalt altar of Yredelemnul.
 16196 | D:13     | Reached XP level 15. HP: 101/101 MP: 15/15
 16668 | D:14     | Found a gate to the Vaults.
 16740 | D:14     | Found Ymiojano's Island Escapes.
 17101 | D:14     | Noticed Josephine
 17109 | D:14     | Killed Josephine
 17110 | D:14     | Reached skill level 15 in Fighting
 17189 | D:14     | Reached skill level 15 in Armour
 17204 | D:14     | Reached skill level 15 in Shields
 17583 | D:15     | Entered Level 15 of the Dungeon
 17688 | D:15     | Found a runed translucent door.
 18162 | D:15     | Found a portal to a secret trove of treasure.
 18213 | D:15     | Found a hide-covered altar of Uskayaw.
 18886 | D:15     | Found a staircase to the Depths.
 19182 | D:15     | Reached XP level 16. HP: 110/110 MP: 16/16
 19806 | Orc:1    | Entered Level 1 of the Orcish Mines
 19839 | Orc:1    | Found Dijevom's Jewellery Boutique.
 20090 | Orc:2    | Entered Level 2 of the Orcish Mines
 20141 | Orc:2    | Found Yzawnepp's Distillery.
 20155 | Orc:2    | Bought a potion of heal wounds for 70 gold pieces
 20249 | Orc:2    | Found Qein's Magic Scroll Shop.
 20305 | Orc:2    | Found Siakhon's Magic Scroll Boutique.
 20435 | Orc:2    | Bought a scroll of acquirement for 884 gold pieces
 20435 | Orc:2    | Acquired a +7 eveningstar of protection
 20454 | Orc:2    | Found Lofris's Distillery.
 20466 | Orc:2    | Bought 2 potions of heal wounds for 170 gold pieces
 20506 | Orc:2    | Noticed Snorg
 20529 | Orc:2    | Killed Snorg
 20553 | Orc:2    | Found a staircase to the Elven Halls.
 20553 | Orc:2    | Found Kexov's Magic Scroll Emporium.
 21054 | Orc:2    | Paralysed by an orc sorcerer for 2 turns
 21127 | Orc:2    | Reached skill level 15 in Maces & Flails
 21136 | Orc:2    | Found Otwiqa's Jewellery Shoppe.
 21136 | Orc:2    | Found Ajuzogew's Antique Weapon Emporium.
 21136 | Orc:2    | Found a one-way gate leading to the halls of Pandemonium.
 21523 | Snake:1  | Entered Level 1 of the Snake Pit
 21839 | Snake:1  | Noticed Frances
 21859 | Snake:1  | Killed Frances
 22622 | Snake:2  | Found a flickering gateway to a bazaar.
 22662 | Snake:2  | Found Mishrupp's Gadget Gallery.
 22690 | Snake:2  | Found Xaynop's Assorted Antiques.
 22692 | Snake:2  | Found Monohuh's Armour Emporium.
 22692 | Snake:2  | Found Peluoq's Assorted Antiques.
 22756 | Bazaar   | Entered a bazaar
 22756 | Bazaar   | Found Rida's Weapon Boutique.
 22756 | Bazaar   | Found Jem Fou's Armour Shop.
 22756 | Bazaar   | Found Ganan's Antique Weapon Shop.
 22764 | Bazaar   | Identified the +3 leather armour of Kindness {Str+5 Slay+3}
 22984 | Snake:2  | Reached XP level 17. HP: 116/116 MP: 17/17
 23235 | Snake:2  | Bought a +2 helmet for 214 gold pieces
 24714 | Snake:4  | Entered Level 4 of the Snake Pit
 24779 | Snake:4  | Identified the serpent talisman of the Devil's Team {rElec
                  | rCorr Str-2 Int+3}
 24779 | Snake:4  | Noticed Aizul
 24790 | Snake:4  | Killed Aizul
 24836 | Snake:4  | Found Cina's Weapon Boutique.
 24883 | Snake:4  | Found Ynipnupp's Specific Store.
 24887 | Snake:4  | Found Ogoaror's General Store.
 25985 | Snake:4  | Got a serpentine rune of Zot
 26187 | Snake:4  | Reached XP level 18. HP: 55/124 MP: 18/18
 26529 | Shoals:1 | Entered Level 1 of the Shoals
 26874 | Shoals:1 | Found Giuleg's Weapon Boutique.
 27674 | Shoals:2 | Found Kisumuwk's Magic Scroll Shop.
 27711 | Shoals:2 | Bought a scroll of enchant armour for 135 gold pieces
 28409 | Shoals:3 | Found Urinnisu's Overcharged Wands.
 28437 | Shoals:3 | Found a glacial archway.
 28459 | IceCv    | Entered an ice cave
 29038 | IceCv    | Identified the +2 pair of gloves of Paatut {rPois rF- Str+3
                  | Dex+5}
 29137 | Shoals:3 | Found Qollemaj's Armour Shoppe.
 29683 | Shoals:4 | Entered Level 4 of the Shoals
 29683 | Shoals:4 | Found Daxiaf's General Store.
 29721 | Shoals:4 | Found Demeshriacob's Antique Weapon Boutique.
 29827 | Shoals:4 | Identified the +0 ring mail of Baamn {Regen+ SInv}
 29892 | Shoals:4 | Reached XP level 19. HP: 118/132 MP: 19/19
 29915 | Shoals:4 | Found Honami's Book Emporium.
 30017 | Shoals:4 | Found Cyrilum's General Store.
 30126 | Shoals:4 | Got a barnacled rune of Zot
 30143 | Shoals:4 | Got the Octavo of Sandy Elsewhere
 30215 | Shoals:4 | Got Yghatem's Directory of Arson and the Sphinx
 30278 | Shoals:4 | Found Ublit's Weapon Emporium.
 30572 | Shoals:4 | Bought 2 scrolls of revelation for 165 gold pieces
 31096 | Elf:1    | Entered Level 1 of the Elven Halls
 31128 | Elf:1    | Found a crumbling gateway.
 31187 | Desolati | Entered the Desolation of Salt
 31758 | Desolati | Identified the +3 scimitar "Goruer" {vamp, rN+}
 31760 | Desolati | Identified the ring "Inul" {rC+ rN+ Will+ Str-3}
 31774 | Desolati | Identified the +8 dagger of the Fifty Moons {freeze, Will-
                  | Int+5}
 31775 | Desolati | Identified the ring "Romaij" {rPois rCorr Int-3 Dex+7
                  | Slay+4}
 31842 | Desolati | Identified the ring of Zostria {rElec rF+ Will+}
 31854 | Desolati | Identified the amulet of Yter {Reflect Regen+ SH+5}
 31867 | Desolati | Identified the +7 quarterstaff "Akurph" {heavy, rC+ SInv
                  | Stlth+}
 32068 | Desolati | Got the Incunable of Superposition
 32565 | Elf:1    | Reached XP level 20. HP: 129/140 MP: 20/20
 32761 | Elf:1    | Found a runed translucent door.
 32762 | Elf:1    | Noticed ShinQuickMan's ghost (journeyman DECj)
 33099 | Elf:1    | Paralysed by an air elemental for 1 turns
 33189 | Elf:1    | Killed ShinQuickMan's ghost
 33258 | Elf:2    | Found a runed translucent gate.
 33258 | Elf:2    | Found a runed translucent gate.
 33258 | Elf:2    | Found a runed translucent gate.
 34199 | Elf:3    | Entered Level 3 of the Elven Halls
 34295 | Elf:3    | Found Fywurgh's Book Shop.
 34295 | Elf:3    | Found Qeas's Jewellery Boutique.
 34299 | Elf:3    | Found Horiss's Antique Armour Shop.
 35136 | Elf:3    | Identified the +11 hand axe of Ynup {freeze, rElec rPois}
 35136 | Elf:3    | Identified the +1 robe "Xiurghovau" {Str+6}
 36164 | Elf:3    | Got the Spellbook of Grim Inhalation
 36176 | Elf:3    | Acquired 1128 gold pieces
 36226 | Elf:3    | Identified the staff of Breach {rElec Str-4 Int+5 Summ Air}
 36267 | Elf:3    | Identified the +1 spear of the New World {freeze, rElec}
 36667 | D:1      | Bought a potion of heal wounds for 235 gold pieces
 36667 | D:1      | Bought a shiny helmet for 352 gold pieces
 36680 | D:1      | Bought a scroll of enchant armour for 112 gold pieces
 36952 | Vaults:1 | Entered Level 1 of the Vaults
 37023 | Vaults:1 | Reached XP level 21. HP: 134/147 MP: 21/21
 37576 | Vaults:1 | Found a runed translucent gate.
 37576 | Vaults:1 | Found a runed translucent gate.
 37576 | Vaults:1 | Found a runed translucent gate.
 37577 | Vaults:1 | Noticed n1000's ghost (adept CoNe)
 38434 | Vaults:1 | Killed n1000's ghost
 38883 | Vaults:2 | Found a staircase to the Crypt.
 40033 | Vaults:3 | Reached XP level 22. HP: 150/153 MP: 22/22
 40493 | Vaults:3 | Noticed Nikola
 40581 | Vaults:3 | Killed Nikola
 41386 | Vaults:4 | Got Igepte's Lessons on Amathomancy and Embers
 42279 | Vaults:5 | Entered Level 5 of the Vaults
 42483 | Vaults:5 | Noticed an ancient lich
 42668 | Vaults:5 | Killed an ancient lich
 42668 | Vaults:5 | Noticed a golden dragon
 42682 | Vaults:5 | Reached XP level 23. HP: 120/163 MP: 23/23
 42730 | Vaults:5 | Killed a golden dragon
 42882 | Vaults:5 | Noticed an ancient lich
 42906 | Vaults:5 | Killed an ancient lich
 42929 | Vaults:5 | HP: 8/164 [quicksilver dragon (6)]
 43374 | Vaults:5 | Upgraded the game from 0.32-a0-656-g3542139ebd to
                  | 0.32-a0-685-g93135e86f0
 43757 | Vaults:5 | Found Gorchu's Magic Scroll Shoppe.
 43767 | Vaults:5 | Bought a scroll of enchant armour for 97 gold pieces
 43767 | Vaults:5 | Acquired a manual of Evocations
 43769 | Vaults:5 | Acquired a manual of Spellcasting
 43862 | Vaults:5 | Found Nouppij's Jewellery Emporium.
 43862 | Vaults:5 | Found Oneidio's General Store.
 43862 | Vaults:5 | Found Geriox's Jewellery Shop.
 43876 | Vaults:5 | Found Modd's Distillery.
 43888 | Vaults:5 | Got a silver rune of Zot
 44157 | Vaults:5 | Found Fenkutio's Magic Scroll Shoppe.
 44162 | Vaults:5 | Bought a scroll of enchant weapon for 165 gold pieces
 44162 | Vaults:5 | Bought 3 scrolls of enchant weapon for 495 gold pieces
 44162 | Vaults:5 | Bought a scroll of blinking for 165 gold pieces
 44162 | Vaults:5 | Bought a scroll of teleportation for 66 gold pieces
 44168 | Vaults:5 | Found Kiozeav's Distillery.
 44194 | Vaults:5 | Found Bouts's Distillery.
 44199 | Vaults:5 | Bought a potion of heal wounds for 90 gold pieces
 44199 | Vaults:5 | Bought a potion of mutation for 144 gold pieces
 44654 | Slime:1  | Entered Level 1 of the Pits of Slime
 44726 | Slime:1  | Gained mutation: You have supernaturally acute eyesight.
                  | (SInv) [a shining eye]
 44730 | Slime:1  | Gained mutation: [You are occasionally teleported next to
                  | monsters.] [a shining eye]
 44823 | Lair:5   | Lost mutation: You have supernaturally acute eyesight.
                  | (SInv) [potion of mutation]
 44823 | Lair:5   | Lost mutation: [You are occasionally teleported next to
                  | monsters.] [potion of mutation]
 44823 | Lair:5   | Gained mutation: You are partially covered in iridescent
                  | scales. (AC +2) [potion of mutation]
 45412 | Slime:2  | Gained mutation: Armour fits poorly on your strangely
                  | shaped body. [a shining eye]
 45414 | Slime:2  | Gained mutation: You are partially covered in large bone
                  | plates. (SH +4) [a shining eye]
 45415 | Slime:2  | Gained mutation: [You occasionally lose the ability to read
                  | scrolls when taking damage.] [a shining eye]
 45417 | Slime:2  | Gained mutation: [You sometimes lose the ability to read
                  | scrolls when taking damage.] [a shining eye]
 45422 | Slime:2  | Gained mutation: You occasionally shout uncontrollably at
                  | your foes. [a shining eye]
 45734 | Slime:2  | Lost mutation: Armour fits poorly on your strangely shaped
                  | body. [potion of mutation]
 45734 | Slime:2  | Lost mutation: You are partially covered in iridescent
                  | scales. (AC +2) [potion of mutation]
 45734 | Slime:2  | Lost mutation: You are partially covered in large bone
                  | plates. (SH +4) [potion of mutation]
 45734 | Slime:2  | Gained mutation: You are partially covered in iridescent
                  | scales. (AC +2) [potion of mutation]
 45734 | Slime:2  | Gained mutation: You have a pair of small horns on your
                  | head. [potion of mutation]
 45735 | Slime:2  | Lost mutation: You have a pair of small horns on your head.
                  | [potion of mutation]
 45735 | Slime:2  | Lost mutation: You occasionally shout uncontrollably at
                  | your foes. [potion of mutation]
 45735 | Slime:2  | Gained mutation: Your spells are a little easier to cast,
                  | but a little less powerful. [potion of mutation]
 45735 | Slime:2  | Lost mutation: You are partially covered in iridescent
                  | scales. (AC +2) [potion of mutation]
 45735 | Slime:2  | Lost mutation: Your spells are a little easier to cast, but
                  | a little less powerful. [potion of mutation]
 45736 | Slime:2  | Lost mutation: [You sometimes lose the ability to read
                  | scrolls when taking damage.] [potion of mutation]
 45736 | Slime:2  | Lost mutation: [You occasionally lose the ability to read
                  | scrolls when taking damage.] [potion of mutation]
 45736 | Slime:2  | Gained mutation: Your spells are a little easier to cast,
                  | but a little less powerful. [potion of mutation]
 45736 | Slime:2  | Gained mutation: [You are weak. (Str -2)] [potion of
                  | mutation]
 45736 | Slime:2  | Gained mutation: You are robust. (+10% HP) [potion of
                  | mutation]
 45837 | Slime:3  | Lost mutation: You are robust. (+10% HP) [a shining eye]
 45841 | Slime:3  | Gained mutation: [You are very weak. (Str -4)] [a shining
                  | eye]
 45844 | Slime:3  | Gained mutation: You are partially covered in iridescent
                  | scales. (AC +2) [a shining eye]
 45892 | Slime:2  | Gained mutation: Your health recovers twice as slowly from
                  | being drained. [a shining eye]
 45908 | Slime:2  | Gained mutation: You have hidden genetic defects. [a
                  | shining eye]
 45914 | Slime:2  | Gained mutation: You sometimes lose your temper in combat.
                  | [a shining eye]
 45977 | Slime:2  | Lost mutation: You sometimes lose your temper in combat.
                  | [potion of mutation]
 45977 | Slime:2  | Lost mutation: You are partially covered in iridescent
                  | scales. (AC +2) [potion of mutation]
 45977 | Slime:2  | Lost mutation: Your health recovers twice as slowly from
                  | being drained. [potion of mutation]
 45977 | Slime:2  | Gained mutation: You have terrible hidden genetic defects.
                  | [potion of mutation]
 45977 | Slime:2  | Gained mutation: You expend magic power (3 MP) to
                  | strengthen your wands. [potion of mutation]
 45977 | Slime:2  | Gained mutation: Your flesh is heat resistant. (rF+)
                  | [potion of mutation]
 45977 | Slime:2  | Lost mutation: You have terrible hidden genetic defects.
                  | [potion of mutation]
 45978 | Slime:2  | Lost mutation: Your flesh is heat resistant. (rF+) [potion
                  | of mutation]
 45978 | Slime:2  | Lost mutation: [You are very weak. (Str -4)] [potion of
                  | mutation]
 45978 | Slime:2  | Gained mutation: You are agile. (Dex +4, Str/Int -1)
                  | [potion of mutation]
 45979 | Slime:2  | Lost mutation: [You are weak. (Str -2)] [potion of
                  | mutation]
 45979 | Slime:2  | Lost mutation: You expend magic power (3 MP) to strengthen
                  | your wands. [potion of mutation]
 45979 | Slime:2  | Lost mutation: You have hidden genetic defects. [potion of
                  | mutation]
 45979 | Slime:2  | Gained mutation: You have sharp fingernails. [potion of
                  | mutation]
 45979 | Slime:2  | Gained mutation: You possess an exceptional clarity of
                  | mind. [potion of mutation]
 46019 | Slime:2  | Gained mutation: You are vulnerable to heat. (rF-) [a
                  | shining eye]
 47489 | Slime:4  | Gained mutation: You have very sharp teeth. [a shining eye]
 47568 | Slime:4  | Reached XP level 24. HP: 171/171 MP: 23/23
 47774 | Slime:5  | Entered Level 5 of the Pits of Slime
 48388 | Slime:5  | Lost mutation: Your spells are a little easier to cast, but
                  | a little less powerful. [potion of mutation]
 48388 | Slime:5  | Lost mutation: You possess an exceptional clarity of mind.
                  | [potion of mutation]
 48388 | Slime:5  | Lost mutation: You are vulnerable to heat. (rF-) [potion of
                  | mutation]
 48388 | Slime:5  | Lost mutation: You have very sharp teeth. [potion of
                  | mutation]
 48442 | Slime:5  | Gained mutation: You sometimes lose your temper in combat.
                  | [a shining eye]
 48446 | Slime:5  | Gained mutation: [You occasionally lose the ability to read
                  | scrolls when taking damage.] [a shining eye]
 48637 | Slime:5  | Lost mutation: You are agile. (Dex +4, Str/Int -1) [potion
                  | of mutation]
 48637 | Slime:5  | Lost mutation: [You occasionally lose the ability to read
                  | scrolls when taking damage.] [potion of mutation]
 48637 | Slime:5  | Lost mutation: You have sharp fingernails. [potion of
                  | mutation]
 48637 | Slime:5  | Gained mutation: You have a somewhat thin skeletal
                  | structure. (Dex +2, Stealth+) [potion of mutation]
 48638 | Slime:5  | Lost mutation: You sometimes lose your temper in combat.
                  | [potion of mutation]
 48638 | Slime:5  | Lost mutation: You have a somewhat thin skeletal structure.
                  | (Dex +2, Stealth+) [potion of mutation]
 48638 | Slime:5  | Gained mutation: You have a pair of small horns on your
                  | head. [potion of mutation]
 48638 | Slime:5  | Gained mutation: You have an increased reservoir of magic.
                  | (+10% MP) [potion of mutation]
 49022 | Snake:2  | Bought a phantom mirror for 600 gold pieces
 49199 | D:12     | Bought a potion of mutation for 280 gold pieces
 49350 | Orc:2    | Bought a potion of mutation for 136 gold pieces
 49350 | Orc:2    | Bought a potion of mutation for 136 gold pieces
 49687 | Slime:5  | Noticed the Royal Jelly
 49933 | Slime:5  | Found a viscous altar of Jiyva.
 49934 | Slime:5  | Found the +8 demon blade "Leech" {evervamp, Harm ^Drain
                  | rN+}
 50241 | Slime:5  | Killed the Royal Jelly
 50869 | Slime:5  | Identified the ring of Miracles {rPois Str+4 Stlth+}
 50926 | Slime:5  | Identified the +0 morningstar of Varo {speed, rF+ Int+3
                  | Stlth+}
 50930 | Slime:5  | Got a slimy rune of Zot
 50950 | Slime:5  | Got Sif Muna's Grimoire of Called Stones
 50953 | Slime:5  | Identified the +2 quick blade of Davith {vamp, Dex+3
                  | Stlth+}
 51279 | Depths:1 | Entered Level 1 of the Depths
 51658 | Depths:1 | Found a runed translucent door.
 51932 | Depths:1 | Identified the amulet of Fexteopu {Faith MP+9 Stlth+}
 51997 | Depths:1 | Got the Precepts of the Entourage and Embers
 52385 | Depths:1 | Found a gateway to Hell.
 53095 | Depths:2 | Found a snail-covered altar of Cheibriados.
 53107 | Depths:2 | Noticed Sojobo
 53112 | Depths:2 | Paralysed by an air elemental for 1 turns
 53115 | Depths:2 | Paralysed by an air elemental for 1 turns
 53119 | Depths:2 | Paralysed by an air elemental for 1 turns
 53123 | Depths:2 | Paralysed by an air elemental for 1 turns
 53188 | Depths:2 | Paralysed by an air elemental for 1 turns
 53198 | Depths:2 | You are sucked into a shaft and drop 1 floor!
 53323 | Depths:2 | Reached XP level 25. HP: 141/178 MP: 25/25
 53328 | Depths:2 | Paralysed by an air elemental for 1 turns
 53334 | Depths:2 | Paralysed by an air elemental for 1 turns
 53341 | Depths:2 | Paralysed by an air elemental for 1 turns
 53347 | Depths:2 | Paralysed by an air elemental for 1 turns
 53353 | Depths:2 | Paralysed by an air elemental for 1 turns
 53451 | Depths:2 | Paralysed by an air elemental for 1 turns
 53464 | Depths:2 | Paralysed by an air elemental for 1 turns
 53486 | Depths:2 | Paralysed by an air elemental for 1 turns
 53488 | Depths:2 | Paralysed by an air elemental for 1 turns
 53495 | Depths:2 | Killed Sojobo
 53562 | Depths:2 | Noticed Asterion
 53569 | Depths:2 | Gained mutation: [Your body sometimes deteriorates upon
                  | taking damage.] [a cacodemon]
 53587 | Depths:2 | Killed Asterion
 53608 | Depths:2 | Lost mutation: You have an increased reservoir of magic.
                  | (+10% MP) [potion of mutation]
 53608 | Depths:2 | Lost mutation: You have a pair of small horns on your head.
                  | [potion of mutation]
 53608 | Depths:2 | Lost mutation: [Your body sometimes deteriorates upon
                  | taking damage.] [potion of mutation]
 53608 | Depths:2 | Gained mutation: [You occasionally lose the ability to read
                  | scrolls when taking damage.] [potion of mutation]
 53608 | Depths:2 | Gained mutation: Your muscles are strong. (Str +4, Int/Dex
                  | -1) [potion of mutation]
 53799 | Depths:2 | Paralysed by a sphinx for 3 turns
 54026 | Depths:2 | Identified the +2 pair of boots of Rotini {rPois}
 54678 | Depths:3 | Found a one-way gate to the infinite horrors of the Abyss.
 54815 | Depths:3 | Found a broken altar of Ashenzari.
 54819 | Depths:3 | Found a one-way gateway to a ziggurat.
 54834 | Depths:3 | Lost mutation: Your muscles are strong. (Str +4, Int/Dex
                  | -1) [a shining eye]
 54835 | Depths:3 | Gained mutation: [You sometimes lose the ability to read
                  | scrolls when taking damage.] [a shining eye]
 54843 | Depths:3 | Gained mutation: Your muscles are strong. (Str +4, Int/Dex
                  | -1) [a shining eye]
 54960 | Depths:3 | Found a runed translucent gate.
 54960 | Depths:3 | Found a runed translucent gate.
 54960 | Depths:3 | Found a runed translucent gate.
 54964 | Depths:3 | Got Sif Muna's Notes on Air and Companions
 54967 | Depths:3 | Noticed an ancient lich
 54969 | Depths:3 | Noticed a dread lich
 55037 | Depths:3 | Found a runed translucent gate.
 55037 | Depths:3 | Found a runed translucent gate.
 55037 | Depths:3 | Found a runed translucent gate.
 55647 | Depths:4 | Entered Level 4 of the Depths
 55856 | Depths:4 | Found a gate to the Realm of Zot.
 55982 | Depths:4 | Noticed a juggernaut
 56002 | Depths:4 | Killed a juggernaut
 56268 | Depths:4 | Noticed a juggernaut
 56269 | Depths:4 | Noticed a juggernaut
 56284 | Depths:4 | Killed a juggernaut
 56291 | Depths:4 | Killed a juggernaut
 56503 | Hell     | Entered the Vestibule of Hell
 56503 | Hell     | Noticed Geryon
 57179 | Depths:4 | Reached XP level 26. HP: 180/188 MP: 23/23
 57706 | Hell     | Found a gateway to the freezing wastes of Cocytus.
 57853 | Hell     | Killed Geryon
 58009 | Hell     | Found a gateway to the decaying netherworld of Tartarus.
 58108 | Hell     | Found a gateway to the ashen valley of Gehenna.
 58195 | Hell     | Found a gateway to the Iron City of Dis.
 58711 | D:1      | Bought a potion of heal wounds for 135 gold pieces
 58711 | D:1      | Bought a scroll of teleportation for 81 gold pieces
 58711 | D:1      | Bought a scroll of teleportation for 81 gold pieces
 58770 | D:1      | Bought 2 potions of heal wounds for 150 gold pieces
 58770 | D:1      | Bought a potion of haste for 150 gold pieces
 58770 | D:1      | Bought a potion of resistance for 150 gold pieces
 59302 | Crypt:1  | Entered Level 1 of the Crypt
 60542 | Crypt:2  | Identified the +2 helmet "Hydenor" {rC+ rN+ rCorr}
 61129 | Crypt:3  | Entered Level 3 of the Crypt
 61154 | Crypt:3  | Noticed a dread lich
 61178 | Crypt:2  | Killed a dread lich
 61252 | Crypt:3  | Identified the orb of Owuwir {light, Slay-4 Stlth+ Hexes
                  | Summ}
 61503 | Crypt:3  | Found a basalt altar of Yredelemnul.
 61645 | Crypt:3  | Noticed an ancient lich
 61678 | Crypt:3  | Killed an ancient lich
 61711 | Crypt:3  | Identified the staff of Duty {rN+ Int+6 Stlth- Hexes Necro}
 61967 | Crypt:3  | Acquired the +2 cloak "Diluel" {Fly rN+ Dex-3}
 62446 | Crypt:3  | Reached XP level 27. HP: 195/195 MP: 23/23
 62514 | Crypt:3  | Found a staircase to the Tomb.
 62830 | Depths:3 | Voluntarily entered the Abyss.
 62858 | Depths:3 | Escaped the Abyss
 62860 | Depths:3 | Voluntarily entered the Abyss.
 63125 | Abyss:2  | Found a corrupted altar of Lugonu.
 63469 | Depths:3 | Escaped the Abyss
 63685 | Depths:3 | Killed a dread lich
 63695 | Depths:3 | Killed an ancient lich
 63764 | Depths:3 | Identified the amulet of Past Mistakes {Spirit Str-3 Dex+2
                  | SInv}
 63773 | Depths:3 | Identified the blade talisman of the Yeti {rPois Str+2
                  | Int+7 Stlth-}
 64138 | Zot:1    | Entered Level 1 of the Realm of Zot
 64417 | Zot:1    | Identified the +7 arbalest of Zin {flame, ^Drain Will-
                  | Str+2 Dex+4}
 65440 | Zot:2    | Found a stormy altar of Qazlal.
 65646 | Zot:3    | Noticed cjoo's ghost (veteran VSFi)
 65666 | Zot:3    | Found a transporter.
 66194 | Zot:2    | Found a stormy altar of Qazlal.
 66241 | Zot:2    | Found a stormy altar of Qazlal.
 67095 | Zot:3    | Identified the +0 scale mail of Fallacy {rPois rC- rN++
                  | Str+3}
 67735 | Zot:3    | Found a transporter.
 68276 | Zot:3    | Gained mutation: [You are clumsy. (Dex -2)] [mutagenic
                  | glow]
 68333 | Zot:3    | Identified the amulet "Weblitio" {rF+ Regen+ Str+3 Int+3
                  | Dex-4}
 68517 | Zot:3    | Killed cjoo's ghost
 68518 | Zot:3    | Reached skill level 27 in Fighting
 68518 | Zot:3    | Reached skill level 27 in Shields
 68534 | Zot:3    | Reached skill level 27 in Armour
 68562 | Zot:3    | Lost mutation: Your muscles are strong. (Str +4, Int/Dex
                  | -1) [potion of mutation]
 68562 | Zot:3    | Lost mutation: [You are clumsy. (Dex -2)] [potion of
                  | mutation]
 68562 | Zot:3    | Lost mutation: [You sometimes lose the ability to read
                  | scrolls when taking damage.] [potion of mutation]
 68562 | Zot:3    | Gained mutation: Your spells are a little harder to cast,
                  | but a little more powerful. [potion of mutation]
 68562 | Zot:3    | Gained mutation: [You are clumsy. (Dex -2)] [potion of
                  | mutation]
 68562 | Zot:3    | Gained mutation: Your muscles are strong. (Str +4, Int/Dex
                  | -1) [potion of mutation]
 68563 | Zot:3    | Lost mutation: Your spells are a little harder to cast, but
                  | a little more powerful. [potion of mutation]
 68563 | Zot:3    | Lost mutation: [You occasionally lose the ability to read
                  | scrolls when taking damage.] [potion of mutation]
 68563 | Zot:3    | Lost mutation: Your muscles are strong. (Str +4, Int/Dex
                  | -1) [potion of mutation]
 68563 | Zot:3    | Gained mutation: Your flesh is cold resistant. (rC+)
                  | [potion of mutation]
 68718 | Zot:4    | Found the +4 dragonskin cloak {Aegis}
 68718 | Zot:4    | Noticed Tiamat
 68818 | Abyss:4  | Cast into level 4 of the Abyss (Tiamat)
 68874 | Abyss:6  | Found a corrupted altar of Lugonu.
 68899 | Abyss:6  | Found a transporter.
 68902 | Abyss:6  | Paralysed by accursed screaming for 1 turns
 68914 | Abyss:6  | Paralysed by accursed screaming for 1 turns
 68936 | Abyss:6  | Found a transporter.
 68941 | Abyss:6  | Got an abyssal rune of Zot
 68963 | Abyss:6  | Paralysed by accursed screaming for 1 turns
 68995 | Abyss:6  | Paralysed by accursed screaming for 2 turns
 69006 | Abyss:6  | Paralysed by accursed screaming for 2 turns
 69029 | Abyss:6  | Found a transporter.
 69034 | Abyss:6  | Found a transporter.
 69042 | Abyss:6  | Paralysed by accursed screaming for 1 turns
 69069 | Abyss:6  | Paralysed by accursed screaming for 1 turns
 69078 | Abyss:6  | Noticed an ancient lich
 69117 | Abyss:6  | Paralysed by accursed screaming for 1 turns
 69149 | Abyss:6  | Noticed an ancient lich
 69160 | Abyss:7  | Entered Level 7 of the Abyss
 69169 | Abyss:7  | Gained mutation: You are somewhat resistant to further
                  | mutation. [a neqoxec]
 69325 | Zot:4    | Escaped the Abyss
 69341 | Zot:4    | Slain by Tiamat

Illustrated notes

Levels and vault maps discovered:
D:1:      elethiomel_arrival_quiet, layout_basic, serial_shops,
          nicolae_shop_tiny_glass
D:2:      layout_rooms, basic_altar
D:3:      layout_rooms, uniq_grinder
D:4:      layout_basic, gammafunk_ghost_grave, serial_aquarium,
          aquarium_bridge_square [aquarium_subvault_wall,
          aquarium_subvault_wall, aquarium_subvault_wall,
          aquarium_subvault_bridge], aquarium_bridge_island_small
          [aquarium_subvault_small_open, aquarium_subvault_balcony,
          aquarium_subvault_bridge, aquarium_subvault_bridge,
          aquarium_subvault_wall], aquarium_window_2, aquarium_window_2,
          aquarium_view_2a, aquarium_pool_1, minivault_25
D:5:      layout_basic, nicolae_overflow_crystal_walls,
          cheibrodos_sewer_entry_drain
D:6:      layout_loops_ring, lemuel_round_altar, serial_shops, shop,
          item_on_display_a, uniq_jeremiah, uniq_edmund
D:7:      layout_rooms, minmay_temple_entry_trees
D:8:      layout_loops_cross, onia_ninara_dug_in_and_dangerous, uniq_maurice
D:9:      layout_basic, trog_ov_bears_minmay, orc_david_3,
          doesnt_shop_hydraphobe, uniq_harold, uniq_amaemon
D:10:     layout_basic, kennysheep_mini, lair_entry_dummy,
          kennysheep_generic_room_5, uniq_psyche, uniq_nergalle, uniq_maggie
D:11:     layout_cave_pools
D:12:     layout_small_grid, kennysheep_windowed_goal
D:13:     layout_rooms, yredelemnul_forgotten_temple_becter
D:14:     erik_rubicon_b, layout_loops_ring,
          serial_library_regret_index_small_wings, nicolae_island_escapes,
          uniq_josephine
D:15:     kennysheep_seaside_town, layout_long_grid,
          nicolae_trove_entry_path_of_doom, nicolae_uskayaw_en_pointe,
          hangedman_abyss_or_decor_lesser_grid, lightli_airlock
Temple:   nicolae_temple_no_exploring_needed
Lair:1:   layout_long_grid, enter_volcano_1, lemuel_fruit_fields
Lair:2:   nzn_winding_woodlands_large [nzn_winding_woodlands_hourglass,
          nzn_winding_woodlands_5x15_longhouse,
          nzn_winding_woodlands_5x5_perimeter,
          nzn_winding_woodlands_center_triple_pond,
          nzn_winding_woodlands_15x15_thick_spiral,
          nzn_winding_woodlands_center_pierced_h,
          nzn_winding_woodlands_5x5_open_star, nzn_winding_woodlands_5x15_eye,
          nzn_winding_woodlands_5x5_default], layout_regular_city,
          lemuel_fruit_tree
Lair:3:   layout_loops_ring, elwin_shoals_entry_rooms,
          guppyfry_snake_entry_island, lemuel_fruit_fields
Lair:4:   layout_regular_city, basic_altar, infiniplex_staircase_pool
Lair:5:   cheibrodos_lair_end_hotspot, layout_long_grid,
          nicolae_slime_entry_field_trip, infiniplex_staircase_pool_2
Shoals:1: layout_shoals, serial_shops, shop
Shoals:2: nicolae_shoals_aurelia_aurita, layout_shoals, serial_shops, shop
Shoals:3: layout_shoals, portal_ice_cave_entry_pillars_2, serial_shops,
          nicolae_shop_waterfront, nicolae_shop_overcharged_wands
Shoals:4: shoals_end_grunt_garden, layout_shoals, serial_shops, shop,
          nicolae_shop_tiny_statue_garden, nicolae_shop_rolling_square,
          nicolae_shop_mannequins, shop
Snake:1:  layout_onion, grunt_megastairs_2, uniq_frances
Snake:2:  layout_misc_corridors, serial_shops, bzr_entry_gold,
          nicolae_wooded_promenade, nicolae_shop_gadgets
Snake:3:  layout_honeycomb, guppyfry_library_mini, serial_bayou_shore_b
Snake:4:  grunt_snake_rune_spirals, layout_onion, serial_shops,
          nicolae_shop_bloodbath_and_beyond, nicolae_specific_store,
          serial_bayou_shore_a, uniq_aizul
Slime:1:  cheibrodos_slime_lost_civilization_9, layout_caves
Slime:2:  layout_caves
Slime:3:  layout_caves
Slime:4:  layout_caves
Slime:5:  slime_pit
Orc:1:    layout_caves, serial_shops, minmay_shop_enchanted_jewellery
Orc:2:    pf_orc_diabolical, layout_caves, serial_shops, shop,
          nicolae_shop_statue_plus, shop, uniq_snorg
Elf:1:    layout_gridlike, ebering_ghost_inner_flame,
          portal_desolation_entry_salt, minmay_elf_crystal_hexagon,
          grunt_megastairs_5
Elf:2:    elven_hall_of_blades_hangedman_original
          [nicolae_blade_entry_sentries_behind_glass], layout_onion_city
Elf:3:    minmay_elf_hall_x, layout_loops_cross, minmay_shop_star
Vaults:1: gammafunk_ghost_spectres, vaults_mumra_minichess,
          nicolae_vaults_little_guard_posts, nicolae_vaults_ellipses_ellipsis,
          nicolae_vaults_tetromino_L_2, vaults_dpeg_cross,
          nicolae_vaults_ring_of_whatevers, hangedman_vaults_nodes,
          vaults_mumra_chevron_long, nicolae_vaults_closet_pinwheel_2,
          hangedman_vaults_locks, vaults_room_pools, layout_vaults_ring
Vaults:2: grunt_vaults_funnel, minmay_crypt_entry_simple_round,
          vaults_mumra_minichess_inversion, nicolae_vaults_tangram_1, v_misc_19,
          nicolae_vaults_tangram_1, ontoclasm_vaults_ligature, v_pattern_5,
          ontoclasm_vaults_eye, nicolae_vaults_sightless_eye,
          nicolae_vaults_apartment_1, layout_vaults_omnigrid
Vaults:3: nicolae_vaults_tetromino_L_1, vaults_room_ringed_pool,
          nicolae_vaults_variable_pillar_hall, nicolae_vaults_network_periphery,
          v_misc_32, nicolae_vaults_offset_grid_hallway_2, v_alt_pattern_1,
          nicolae_vaults_more_shelving_1, grunt_vaults_focal,
          layout_vaults_big_room, uniq_nikola
Vaults:4: vaults_room_pools, vaults_room_hallway, vaults_room_fancy_cross,
          grunt_vaults_hallway_short, nicolae_vaults_big_ls,
          vaults_room_hallway, hangedman_vaults_maws, v_misc_17,
          ontoclasm_vaults_fault, grunt_vaults_twisty,
          nicolae_vaults_closet_pinwheel_2, ontoclasm_vaults_decontamination,
          nicolae_vaults_trapezoid_lopsided_1, v_misc_33,
          layout_vaults_big_cross
Vaults:5
Crypt:1:  layout_gridlike, grunt_megastairs_3
Crypt:2:  layout_misc_corridors, serial_library_regret_index_headful
Crypt:3:  church_of_pain_bobbens, layout_chaotic_city, minmay_misc_feat_ornament
Depths:1: mu_elephants_graveyard, layout_basic, minmay_misc_feat_alley,
          pf_dread_powers_of_hell, minmay_st_funbox,
          cheibrodos_lost_city_excavation
Depths:2: minmay_the_grid_triangle_9x9_line_8_mashed
          [minmay_the_grid_triangle_9x9_from_above,
          minmay_the_grid_triangle_9x9_corrupted_corridor,
          minmay_the_grid_triangle_9x9_windchime,
          minmay_the_grid_triangle_9x9_flanged_cone,
          minmay_the_grid_triangle_9x9_skeleton,
          minmay_the_grid_triangle_9x9_semitri,
          minmay_the_grid_triangle_9x9_empty,
          minmay_the_grid_triangle_9x9_prize_top_heavy], layout_basic,
          hell_entry, rand_demon_pan_entry_8, cheibriados_altar_2, uniq_sojobo,
          uniq_asterion
Depths:3: kennysheep_treasure_stockpile, layout_gridville, enter_ziggurat_d,
          hell_entry, hangedman_abyss_entry_splay, serial_sigils_hangedman_gut,
          ashenzari_altar_1, infiniplex_staircase_pillars_1
Depths:4: grunt_x_marks_the_spot, layout_twisted_cross, grunt_hell_horde,
          hangedman_abyss_or_decor_slice
Hell
Zot:1:    layout_gridville
Zot:2:    layout_misc_corridors, regret_index_zotdec_storm_pass, lemuel_elevator
Zot:3:    cheibrodos_zot_enchanting_chambers, layout_cathedral_of_symmetry,
          gammafunk_ghost_arena, uniq_josephina
Zot:4:    layout_onion_interference, hangedman_zot_diagonal_lockstep,
          st_large_dragon_hoard_3, uniq_tiamat

Skill      XL: |  1  2  3  4  5  6  7  8  9 10 11 12 13 14 15 16 17 18 19 20 21 22 23 24 25 26 27 |
---------------+----------------------------------------------------------------------------------+-----
Fighting       | 4 5 7 8 9 10 12 13 14 15 16 17 18 19 20 21 22 23 24 25 27 | 27.0
Maces & Flails | 3 4 5 7 8 9 11 12 13 14 15 16 17 18 19 20 21 22 23 24 26 | 26.2
Armour         | 4 5 6 8 9 11 12 13 14 15 16 17 18 19 20 21 22 23 24 25 27 | 27.0
Shields        | 4 5 6 8 9 10 12 13 14 15 16 17 18 19 20 21 22 23 24 25 27 | 27.0

Action                     |  1- 3 |  4- 6 |  7- 9 | 10-12 | 13-15 | 16-18 | 19-21 | 22-24 | 25-27 || total
---------------------------+-------+-------+-------+-------+-------+-------+-------+-------+-------++-------
  Melee: Flail             |   129 |    68 |       |       |       |       |       |       |       ||   197
         Whip              |       |    40 |       |       |       |       |       |       |       ||    40
         Morningstar       |       |    13 |   409 |   767 |  1627 |   272 |       |       |       ||  3088
         Eveningstar       |       |       |       |       |       |  1666 |  1876 |  2418 |  3429 ||  9389
         Bite              |       |       |       |       |       |       |       |    19 |       ||    19
         Headbutt          |       |       |       |       |       |       |       |   283 |    27 ||   310
  Throw: Throwing net      |       |       |       |       |       |       |       |     1 |       ||     1
 Invoke: Call Merchant     |       |       |       |       |       |       |     6 |       |     4 ||    10
  Evoke: Wand              |       |       |       |     3 |       |     1 |       |       |     1 ||     5
         Phantom mirror    |       |       |       |       |       |       |       |     1 |       ||     1
    Use: Scroll            |       |     9 |     5 |    10 |     3 |    12 |     5 |    10 |    11 ||    65
         Potion            |       |       |       |       |       |     7 |    24 |    21 |    16 ||    68
   Stab: Petrified         |       |       |       |     4 |       |       |       |       |       ||     4
         Distracted        |       |       |       |     1 |     6 |     6 |     7 |    16 |     8 ||    44
         Petrifying        |       |       |       |     1 |       |       |       |       |       ||     1
         Invisible         |       |       |       |       |       |       |     1 |       |       ||     1
 Armour: Scale mail        |   112 |    89 |   140 |       |       |       |       |       |       ||   341
         Chain mail        |       |       |   207 |   625 |  1623 |  1600 |  1062 |  1448 |  3204 ||  9769
  Dodge: Dodged            |    57 |    53 |   138 |   232 |   577 |   368 |   304 |   297 |   901 ||  2927
  Block: Buckler           |    32 |     3 |       |       |       |       |       |       |       ||    35
         Kite shield       |       |    29 |   249 |   530 |  1513 |   361 |       |       |       ||  2682
         Reflection        |       |       |       |       |     2 |     3 |    73 |   127 |    40 ||   245
         Tower shield      |       |       |       |       |       |  1598 |  2313 |  3201 |  5886 || 12998

Table legend: (Time is in decaauts)
 A = Elapsed time spent in this place.
 B = Non-inter-level travel time spent in this place.
 C = Inter-level travel time spent in this place.
 D = Time resting spent in this place.
 E = Time spent auto-exploring this place.
 F = Levels seen in this place.
 G = Mean time per level.
                   A        B        C        D        E       F      G
               +--------+--------+--------+--------+--------+-----+--------+
         Total |  67592 |  60823 |   6769 |   4859 |  32450 |  70 |  965.6 |
       Dungeon |  15986 |  12409 |   3577 |    300 |   8580 |  15 | 1065.7 |
        Temple |     36 |     17 |     19 |      0 |      0 |   1 |   36.0 |
          Lair |   5711 |   4975 |    736 |      3 |   3463 |   5 | 1142.2 |
        Shoals |   3564 |   3400 |    164 |     17 |   1995 |   4 |  891.0 |
     Snake Pit |   4913 |   4650 |    263 |    253 |   3028 |   4 | 1228.2 |
    Slime Pits |   5557 |   5380 |    177 |   1754 |    643 |   5 | 1111.4 |
  Orcish Mines |   1832 |   1447 |    385 |     61 |    885 |   2 |  916.0 |
   Elven Halls |   4067 |   3918 |    149 |    595 |   1708 |   3 | 1355.7 |
        Vaults |   7212 |   6837 |    375 |    243 |   3791 |   5 | 1442.4 |
         Crypt |   3073 |   2942 |    131 |    100 |   1829 |   3 | 1024.3 |
        Depths |   6514 |   5933 |    581 |   1080 |   2208 |   4 | 1628.5 |
          Hell |    849 |    816 |     33 |      0 |    357 |   1 |  849.0 |
           Zot |   4440 |   4265 |    175 |    135 |   2761 |   4 | 1110.0 |
         Abyss |   1029 |   1029 |      0 |     26 |      0 |   9 |  114.3 |
        Bazaar |     13 |     13 |      0 |      0 |      7 |   1 |   13.0 |
         Sewer |    806 |    806 |      0 |      0 |    542 |   1 |  806.0 |
      Ice Cave |    628 |    628 |      0 |    200 |    170 |   1 |  628.0 |
       Volcano |    302 |    302 |      0 |      0 |    155 |   1 |  302.0 |
    Desolation |   1053 |   1053 |      0 |     91 |    327 |   1 | 1053.0 |
               +--------+--------+--------+--------+--------+-----+--------+

Top non-repeatable levels by time:
    D:15: 2438 daAuts
   Zot:3: 1926 daAuts
 Slime:5: 1844 daAuts
   Elf:3: 1809 daAuts
   Zot:2: 1801 daAuts
Depths:4: 1756 daAuts
Depths:1: 1679 daAuts
 Snake:4: 1667 daAuts
Vaults:5: 1664 daAuts
Depths:2: 1635 daAuts
Vaults:1: 1533 daAuts
Depths:3: 1442 daAuts
  Lair:5: 1439 daAuts
Vaults:4: 1433 daAuts
Vaults:2: 1414 daAuts
